 Dungeon Crawl Stone Soup version 0.23.2-33-g5129a83184 (webtiles) character file.

Game seed: 10500148676027384352

5346 Derp the Quickloader (level 10, -7/96 HPs)
             Began as a Centaur Hunter on July 20, 2019.
             Killed from afar by Erolcha (13 damage)
             ... with an orb of energy
             ... on level 9 of the Dungeon.
             The game lasted 00:38:16 (9167 turns).

Derp the Quickloader (Centaur Hunter)               Turns: 9167, Time: 00:38:17

Health: -7/96      AC:  9    Str: 18    XL:     10   Next: 38%
Magic:  0/10       EV: 10    Int: 10    God:
Gold:   572        SH:  0    Dex: 10    Spells: 9/9 levels left

rFire    . . .     SeeInvis .   a - +3 hand crossbow
rCold    . . .     Gourm    .   (no shield)
rNeg     . . .     Faith    .   D - +3 leather armour
rPois    .         Spirit   +   l - +0 helmet
rElec    .         Reflect  .   (no cloak)
rCorr    .         Harm     .   (no gloves)
MR       +....                  (no barding)
Stlth    ++........             H - amulet of guardian spirit
HPRegen  0.26/turn              e - ring of stealth
MPRegen  0.12/turn              (no ring)

@: very quick
A: large, hooves 3, deformed body, speed 2, magic resistance 1, robust 1, tough
skin 3
a: no special abilities


You were on level 9 of the Dungeon.
You were not hungry.

You visited 1 branch of the dungeon, and saw 9 of its levels.

You collected 572 gold pieces.

Inventory:

Hand Weapons
 a - a +3 hand crossbow (weapon)
 b - a +0 short sword
 m - a +2 great sword of slicing
 L - a +4 scimitar of flaming
 M - a +2 short sword of speed
Missiles
 d - 53 bolts (quivered)
Armour
 l - a +0 helmet (worn)
 A - a +0 chain mail
 D - a +3 leather armour (worn)
 E - a +0 plate armour
 K - a +0 cloak
Jewellery
 e - a ring of stealth (left hand)
 y - an uncursed amulet of regeneration
 F - an uncursed amulet of the acrobat
 H - an amulet of guardian spirit (around neck)
 J - a +6 amulet of reflection {unknown}
Wands
 j - a wand of flame (20)
 B - a wand of iceblast (13)
Scrolls
 c - 5 scrolls of identify
 k - a scroll of silence {unknown}
 n - 3 scrolls of noise
 s - 3 scrolls of teleportation
 u - 2 scrolls of magic mapping {unknown}
 v - 2 scrolls of remove curse
 w - 2 scrolls of immolation {unknown}
 C - a scroll of random uselessness {unknown}
Potions
 g - 2 potions of might {unknown}
 h - 2 potions of magic
 i - a potion of flight
 o - a potion of mutation
 p - a potion of berserk rage {unknown}
 q - 2 potions of ambrosia {unknown}
 r - a potion of brilliance {unknown}
 t - a potion of resistance {unknown}
 x - 2 potions of haste {unknown}
 z - 3 potions of degeneration {unknown}
 G - a potion of agility {unknown}
 I - 2 potions of heal wounds
Comestibles
 f - 16 rations


   Skills:
 + Level 8.0 Fighting
 + Level 2.8 Short Blades
 + Level 0.5(1.8) Long Blades
 + Level 11.6 Crossbows
 + Level 5.2 Armour
 + Level 3.1 Dodging
 + Level 1.4 Stealth


You had 9 spell levels left.
You didn't know any spells.
Your spell library contained the following spells:

 Spells                   Type           Power        Failure   Level  Hunger
 Animate Skeleton         Necr           N/A          41%         1    ##.....
 Confusing Touch          Hex            #.....       41%         1    ##.....
 Flame Tongue             Conj/Fire      #....        41%         1    ##.....
 Freeze                   Ice            #...         41%         1    ##.....
 Magic Dart               Conj           #...         41%         1    ##.....
 Pain                     Necr           #...         41%         1    ##.....
 Blink                    Tloc           N/A          54%         2    ###....
 Call Imp                 Summ           #.......     54%         2    ###....
 Slow                     Hex            #.......     54%         2    ###....
 Throw Flame              Conj/Fire      #.....       54%         2    ###....
 Throw Frost              Conj/Ice       #.....       54%         2    ###....
 Confuse                  Hex            #.......     78%         3    ####...
 Conjure Flame            Conj/Fire      #.......     78%         3    ####...
 Gell's Gravitas          Tloc           #.........   78%         3    ####...
 Inner Flame              Hex/Fire       #.......     78%         3    ####...
 Mephitic Cloud           Conj/Pois/Air  #.......     78%         3    ####...
 Ozocubu's Armour         Chrm/Ice       #.......     78%         3    ####...
 Regeneration             Chrm/Necr      #.........   78%         3    ####...
 Vampiric Draining        Necr           #.........   78%         3    ####...
 Animate Dead             Necr           N/A          99%         4    #####..
 Petrify                  Tmut/Erth      #.......     99%         4    #####..
 Sticky Flame             Conj/Fire      #.......     99%         4    #####..
 Summon Ice Beast         Ice/Summ       #.......     99%         4    #####..
 Throw Icicle             Conj/Ice       #.......     99%         4    #####..
 Fireball                 Conj/Fire      #.........   100%        5    ######.
 Metabolic Englaciation   Hex/Ice        #.........   100%        5    ######.
 Yara's Violent Unravell  Hex/Tmut       #.........   100%        5    ######.


Dungeon Overview and Level Annotations

Branches:
Dungeon (9/15)             Temple (0/1) D:7            Lair (0/6) D:8
    Orc: D:9-12

Altars:
Gozag
Kikubaaqudgha
Ru
Trog
Yredelemnul

Shops:
D:6 %*(

Annotations:
D:6 2 transporters, Menkaure
D:9 Erolcha


Innate Abilities, Weirdness & Mutations

You have hooves in place of feet.
Armour fits poorly on your strangely shaped body.
You cover ground very quickly.
You have extremely tough skin. (AC +3)
You are resistant to hostile enchantments. (MR+)
You are robust. (+10% HP)


Message History

Firing (i - inventory)
d - 55 bolts (quivered)
Press: ? - help, Shift-Dir - straight line, f/p - Erolcha
Aim: Erolcha, wielding a +0 giant club and wearing a +0 robe (almost dead)
You shoot a bolt. The bolt hits Erolcha.
Erolcha is almost dead.
Erolcha hits you with a +0 giant club!
* * * LOW HITPOINT WARNING * * *
A crimson imp comes into view.
Firing (i - inventory)
d - 54 bolts (quivered)
Press: ? - help, Shift-Dir - straight line, f/p - Erolcha
Aim: Erolcha, wielding a +0 giant club and wearing a +0 robe (almost dead)
You shoot a bolt. The bolt hits Erolcha.
Erolcha is almost dead.
Erolcha barely misses you. Erolcha casts a spell at you.
The orb of energy hits you!
* * * LOW HITPOINT WARNING * * *
Erolcha gestures at you while chanting. The orb of energy hits you!
You die...

. #+..####### .#.....(... ###
.#........# #..
.#.....>#(########## #.#
###.......5O....@..###########.#
.# .#####.#######............#.#
.# #.........######.......# .#
########### #.##..#.# #+
#.##..#.## ..##..#...
....##..#.## .....##..#...
.....##..#.##


You could see Erolcha and a crimson imp.

Vanquished Creatures
  Erica (D:9)
  Sigmund (D:5)
  7 yaks
  Eustachio (D:5)
  2 orc warriors
  A necrophage (D:7)
  An ice beast (D:7)
  3 phantoms
  3 ogres
  3 centaurs
  3 big kobolds
  3 bullfrogs
  A wyvern zombie (D:9)
  A wyvern skeleton (D:7)
  3 scorpions
  4 killer bees
  3 wights (D:5)
  2 howler monkeys
  3 crimson imps
  A bullfrog zombie (D:9)
  A centaur skeleton (D:4)
  6 orc priests
  A hound (D:8)
  2 bullfrog skeletons
  4 jellies
  12 orc wizards
  Terence (D:2)
  5 worker ants
  A hound zombie (D:9)
  8 adders
  3 gnolls (D:5)
  A shadow imp (D:5)
  An ooze (D:5)
  2 adder skeletons (D:4)
  2 worms
  A dart slug (D:4)
  5 leopard geckos
  23 orcs
  4 giant cockroaches
  11 goblins
  2 hobgoblins
  16 jackals
  15 kobolds
  5 quokkas
  2 ball pythons
  8 bats
  8 frilled lizards
  A quokka skeleton (D:5)
  2 rats (D:1)
200 creatures vanquished.

Notes
Turn   | Place    | Note
-------+----------+-------------------------------------------
     0 | D:1      | Derp the Centaur Hunter began the quest for the Orb.
     0 | D:1      | Reached XP level 1. HP: 17/17 MP: 1/1
    52 | D:1      | Reached XP level 2. HP: 4/24 MP: 2/2
   140 | D:1      | HP: 1/24 [leopard gecko (1)]
   363 | D:1      | Reached skill level 5 in Crossbows
   625 | D:1      | Reached XP level 3. HP: 27/29 MP: 3/3
  1040 | D:2      | Noticed Terence
  1052 | D:2      | Killed Terence
  1053 | D:2      | Reached XP level 4. HP: 22/37 MP: 4/4
  1748 | D:3      | Reached skill level 1 in Armour
  1758 | D:3      | Reached skill level 6 in Crossbows
  1761 | D:3      | Reached XP level 5. HP: 41/42 MP: 5/5
  2051 | D:4      | Reached XP level 6. HP: 23/51 MP: 6/6
  2538 | D:4      | Reached skill level 7 in Crossbows
  2855 | D:4      | Found an opulent altar of Gozag.
  3148 | D:5      | Entered Level 5 of the Dungeon
  3173 | D:5      | Reached XP level 7. HP: 57/57 MP: 7/7
  3196 | D:5      | Reached skill level 8 in Crossbows
  3574 | D:5      | Reached skill level 9 in Crossbows
  3577 | D:5      | Noticed Eustachio
  3737 | D:5      | Noticed Sigmund
  3758 | D:5      | Killed Sigmund
  3758 | D:5      | Reached XP level 8. HP: 24/67 MP: 8/8
  3896 | D:5      | Reached skill level 1 in Short Blades
  4592 | D:5      | Found a bloodstained altar of Trog.
  4995 | D:5      | Killed Eustachio
  5190 | D:6      | Reached skill level 5 in Fighting
  5249 | D:6      | Found Ystear's Food Boutique.
  5337 | D:6      | Found Sekit's Assorted Antiques.
  5424 | D:6      | Found Dokiffuk's Antique Weapon Shoppe.
  5621 | D:6      | Found a transporter.
  5630 | D:6      | Reached XP level 9. HP: 50/74 MP: 9/9
  5895 | D:6      | Found an ancient bone altar of Kikubaaqudgha.
  5896 | D:6      | Found a transporter.
  5918 | D:6      | Found a basalt altar of Yredelemnul.
  5922 | D:6      | Noticed Menkaure
  6104 | D:7      | Found a staircase to the Ecumenical Temple.
  6150 | D:7      | Gained mutation: You are resistant to hostile enchantments.
                  | (MR+) [potion of mutation]
  6150 | D:7      | Gained mutation: You are robust. (+10% HP) [potion of
                  | mutation]
  6291 | D:7      | Reached skill level 10 in Crossbows
  7244 | D:8      | Found a staircase to the Lair.
  7569 | D:8      | Reached skill level 1 in Stealth
  7743 | D:9      | Noticed Erica
  8495 | D:9      | Reached skill level 11 in Crossbows
  8534 | D:9      | Reached skill level 5 in Armour
  8553 | D:9      | Found a sacrificial altar of Ru.
  8710 | D:9      | Killed Erica
  8710 | D:9      | Reached XP level 10. HP: 87/94 MP: 10/10
  9146 | D:9      | Noticed Erolcha
  9167 | D:9      | Killed from afar by Erolcha

Skill      XL: |  1  2  3  4  5  6  7  8  9 10 |
---------------+-------------------------------+-----
Crossbows      | 5 6 7 9 11 | 11.6
Armour         | 1 2 3 5 |  5.2
Fighting       | 3 4 5 7 8 |  8.0
Dodging        | 2 3 |  3.1
Short Blades   | 2 |  2.8
Stealth        | 1 |  1.4
Long Blades    | |  0.5

Action                   |  1- 3 |  4- 6 |  7- 9 | 10-12 || total
-------------------------+-------+-------+-------+-------++-------
Melee: Short sword       |     2 |       |   207 |       ||   209
       Kick              |       |       |    56 |     3 ||    59
       Great sword       |       |       |     6 |       ||     6
       Hand crossbow     |       |       |       |     7 ||     7
 Fire: Hand crossbow     |    89 |   155 |   345 |    93 ||   682
  Use: Scroll            |     1 |     2 |     7 |       ||    10
       Potion            |       |       |     5 |       ||     5
  Eat: Chunk             |       |     4 |     2 |       ||     6
       Ration            |       |       |     4 |       ||     4
Armor: Leather armour    |    18 |    13 |    16 |    13 ||    60
       Scale mail        |       |     4 |       |       ||     4
       Chain mail        |       |     2 |   198 |       ||   200
Dodge: Dodged            |    45 |    17 |   125 |    14 ||   201
